 Dungeon Crawl Stone Soup version 0.18-a0-640-g2c992fa (webtiles) character file.

136 M4edhros the Sneak (level 5, -11/33 HPs)
             Began as an Octopode Artificer on Dec 4, 2015.
             Was an Initiate of Fedhas.
             Mangled by a sun demon (23 damage)
             ... summoned by Xom
             ... on level 1 of the Dungeon.
             The game lasted 00:04:33 (2734 turns).

M4edhros the Sneak (Octopode Artificer)             Turns: 2734, Time: 00:04:33

Health: -11/33     AC:  1    Str: 13    XL:     5   Next: 19%
Magic:  7/7        EV: 11    Int: 16    God:    Fedhas [......]
Gold:   151        SH:  3    Dex: 12    Spells: 0 memorised, 4 levels left

rFire  . . .     SeeInvis .     A - -3 spear (curse)
rCold  . . .     Clarity  .     n - +0 buckler
rNeg   . . .     SustAt   .     (helmet restricted)
rPois  .         Gourm    .     (no amulet)
rElec  .         Spirit   .     s - +3 ring of strength
rCorr  .         Dismiss  .     (no ring)
rMut   .         Stasis   .     (no ring)
MR     .....                    (no ring)
Stlth  +++++.....               (no ring)
                                (no ring)
                                (no ring)
                                (no ring)

@: not resistant to hostile enchantments, quite stealthy
A: almost no armour, amphibious, 8 rings, constrict 8, camouflage 1, gelatinous
body 1
a: Renounce Religion


You were on level 1 of the Dungeon.
You worshipped Fedhas.
Fedhas was noncommittal.
You were not hungry.

You visited 2 branches of the dungeon, and saw 5 of its levels.

You collected 151 gold pieces.

Inventory:

Hand Weapons
 a - a +0 short sword
 g - a +0 hunting sling
 p - a +0 trident
 x - a +0 hunting sling
 y - a +0 blowgun
 A - a cursed -3 spear (weapon)
Missiles
 j - 8 steel sling bullets
 m - 186 stones (quivered)
 z - 12 poisoned needles
Armour
 n - a +0 buckler (worn)
Jewellery
 l - an uncursed ring of protection from cold {unknown}
 s - a +3 ring of strength (left tentacle)
Wands
 b - a wand of flame (10)
 c - a wand of enslavement (15)
 d - a wand of random effects (15)
Scrolls
 i - a scroll of fear
Potions
 f - a potion of brilliance {unknown}
 h - a potion of might {unknown}
 o - a potion of poison {unknown}
 q - a potion of degeneration {unknown}
 r - a potion of haste {unknown}
 u - a potion of resistance {unknown}
 v - a potion of flight {unknown}
Books
 w - a book of the Warp

   Spells                             Type                      Level
   a - Recall                         Summoning/Translocation      3
   b - Gell's Gravitas                Hexes/Translocation          3
   c - Force Lance                    Conjuration/Translocation    4
   d - Phase Shift                    Translocation                5
   e - Warp Weapon                    Charms/Translocation         5
   f - Summon Forest                  Summoning/Translocation      5
Comestibles
 e - 2 bread rations
 t - a beef jerky


   Skills:
 - Level 1.0 Fighting
 - Level 1.0 Short Blades
 - Level 2.0 Dodging
 + Level 7.0 Stealth
 - Level 3.2 Evocations


You had 4 spell levels left.
You didn't know any spells.

Dungeon Overview and Level Annotations

Branches:
Dungeon (4/15)             Temple (1/1) D:4

Altars:
Cheibriados
Dithmenos
Elyvilon
Fedhas
Gozag
Kikubaaqudgha
Makhleb
Okawaru
Pakellas
Qazlal
Ru
Sif Muna
Trog
Vehumet
Xom
Yredelemnul
The Shining One

Annotations:
D:3 Borgoz's ghost, amateur SpAs


Innate Abilities, Weirdness & Mutations

You cannot wear most types of armour.
You are amphibious.
You can wear up to eight rings at the same time.
You can use your tentacles to constrict eight enemies at once.
Your skin changes colour to match your surroundings (Stealth).
Your rubbery body absorbs attacks (AC +1).


Message History

You grab the giant newt. You constrict the giant newt.
You block the giant newt's attack. The giant newt barely misses you.
You hit the giant newt.
You kill the giant newt!
You offer a prayer to Fedhas.
Fedhas is noncommittal.
You hear Xom's maniacal laughter.
There are monsters nearby!
Read which item? (? for menu, Esc to quit)
Okay, then.
The sun demon hits you!
You are engulfed in flames!
You block the chaos spawn's attack. You block the sun demon's attack.
Drink which item? (? for menu, Esc to quit)
You feel much better. The sun demon hits you.
You are engulfed in flames!
Ouch! That really hurt!
The sun demon hits you!!
Ouch! That really hurt!
You die...
Fedhas appreciates your contribution to the ecosystem.

###.#####.##.
#.........##.
#.#.########.
#.#P########.
######.#.)........
#......###########
#.###### #.#
#@################
#3##..............
##5##.#############
####35##.#
#....5...#
#.##.##### ###
#.##.# #..
###.##.####### #.#
#............# #.#


You could see a sun demon, a chaos spawn, 2 iron imps and an ufetubus.

Vanquished Creatures
  A hound (D:4)
  A giant frog skeleton (D:4)
  5 adders
  2 worms
  An orc (D:3)
  A ball python (D:1)
  2 giant cockroaches
  2 hobgoblins (D:1)
  6 kobolds
  A quokka (D:2)
  A bat (D:2)
  A giant gecko skeleton (D:4)
  A giant newt (D:1)
  6 goblins
  2 rats (D:3)
33 creatures vanquished.

Vanquished Creatures (others)
  2 toadstools (D:1)
2 creatures vanquished.

Grand Total: 35 creatures vanquished

Notes
Turn   | Place    | Note
--------------------------------------------------------------
     0 | D:1      | M4edhros the Octopode Artificer began the quest for the Orb.
     0 | D:1      | Reached XP level 1. HP: 13/13 MP: 3/3
   335 | D:1      | Reached XP level 2. HP: 11/18 MP: 4/4
   726 | D:2      | Reached skill level 4 in Stealth
   996 | D:2      | Found a glowing golden altar of the Shining One.
   996 | D:2      | Found a bloodstained altar of Trog.
  1028 | D:2      | Reached XP level 3. HP: 23/23 MP: 5/5
  1676 | D:3      | Noticed Borgoz's ghost (amateur SpAs)
  1708 | D:3      | Found a radiant altar of Vehumet.
  1878 | D:3      | Found a snail-covered altar of Cheibriados.
  2191 | D:3      | Reached skill level 5 in Stealth
  2236 | D:4      | Found an iron altar of Okawaru.
  2250 | D:4      | Reached XP level 4. HP: 10/28 MP: 6/6
  2251 | D:4      | Reached skill level 6 in Stealth
  2274 | D:4      | Found a staircase to the Ecumenical Temple.
  2286 | D:4      | Reached XP level 5. HP: 20/33 MP: 7/7
  2382 | Temple   | Entered the Ecumenical Temple
  2414 | Temple   | Became a worshipper of Xom of Chaos
  2427 | Temple   | Fell from the grace of Xom
  2427 | Temple   | Became a worshipper of Fedhas Madash
  2581 | D:1      | Reached skill level 7 in Stealth
  2728 | D:1      | XOM: summons 5 hostile demons
  2729 | D:1      | Noticed a chaos spawn
  2729 | D:1      | Noticed a sun demon
  2734 | D:1      | Mangled by a sun demon

Vault maps used:
D:1:      dpeg_arrival_shelter
D:2:      gammafunk_temple_overflow_elements
D:3:      nicolae_overflow_hidden_temple, old_standard_altar, serial_bayou,
          serial_bayou_pond_a, serial_bayou_shore_a, serial_bayou_pond_e,
          serial_bayou_crossing, first_bread
D:4:      nicolae_overflow_crystal_walls, minmay_temple_entry_water_ring,
          st_stairs_10
Temple:   circular_temple_12

Action                   |  1- 3 |  4- 6 || total
-------------------------+-------+-------++-------
Melee: Short sword       |    32 |       ||    32
       Trident           |    19 |       ||    19
       Spear             |    10 |    38 ||    48
Evoke: Wand              |     5 |       ||     5
  Use: Scroll            |     4 |     1 ||     5
       Potion            |       |     2 ||     2
 Stab: Sleeping          |    11 |     3 ||    14
  Eat: Chunk             |     2 |     1 ||     3
       Meat ration       |       |     1 ||     1
